 Dungeon Crawl Stone Soup version 0.16.1-51-g6203257 (webtiles) character file.

114 poirepourri the Skirmisher (level 4, -2/40 HPs)
             Began as a Draconian Berserker on Aug 2, 2015.
             Was a Believer of Trog.
             Slain by garuda's ghost (5 damage)
             ... on level 3 of the Dungeon.
             The game lasted 00:07:03 (2238 turns).

poirepourri the Skirmisher (Draconian Berserker)    Turns: 2238, Time: 00:07:05

Health: -2/40      AC:  6    Str: 19    XL:     4   Next: 66%
Magic:  4/4        EV: 14    Int:  7    God:    Trog [**....]
Gold:   214        SH:  0    Dex: 16    Spells: 0 memorised, 3 levels left

rFire  . . .     SeeInvis .     a - +0 hand axe
rCold  . . .     Clarity  .     (armour unavailable)
rNeg   . . .     SustAb   .     (no shield)
rPois  .         Gourm    .     (helmet restricted)
rElec  .         Spirit   .     (no cloak)
rCorr  .         Warding  .     (no gloves)
rMut   .         Stasis   .     i - +0 pair of boots
MR     ++...                    (no amulet)
Stlth  ++........               (no ring)
                                (no ring)

@: exhausted, regenerating, slowed, very slow, very resistant to hostile
enchantments, unstealthy
A: unfitting armour, agile 2, blurry vision 1, cold-blooded, AC +5
a: Burn Spellbooks, Berserk, Trog's Hand, Renounce Religion


You were on level 3 of the Dungeon.
You worshipped Trog.
Trog was pleased with you.
You were not hungry.

You visited 1 branch of the dungeon, and saw 3 of its levels.

You collected 214 gold pieces.

Inventory:

Hand weapons
 a - a +0 hand axe (weapon)
Armour
 e - a +2 leather armour of cold resistance
 i - a +0 pair of boots (worn)
 j - a +0 ring mail
Magical devices
 l - a wand of digging (13)
Scrolls
 b - 4 scrolls of identify
Potions
 d - a potion of curing
Comestibles
 c - a beef jerky
 f - a royal jelly
 h - a chunk of flesh


   Skills:
 * Level 4.2 Fighting
 + Level 3.5 Axes
 + Level 4.0 Dodging
 + Level 0.2 Stealth


You had 3 spell levels left.
You didn't know any spells.

Dungeon Overview and Level Annotations

Branches:
Dungeon (3/15)

Altars:
Ashenzari
Cheibriados
Okawaru

Annotations:
D:3 garuda's ghost, average DrTm


Innate Abilities, Weirdness & Mutations

Your plain brown scales are hard (AC +5).
Your body does not fit into most forms of armour.
Your cold-blooded metabolism reacts poorly to cold.
You are very agile. (Dex +4)
Scrolls take you a little longer to read.


Message History

Use which ability? (? or * to list)
Your skin crawls.
You feel resistant to hostile enchantments.
You feel slightly more hungry. Garuda's ghost misses you.
Garuda's ghost hits you.
* * * LOW HITPOINT WARNING * * *
You hit garuda's ghost.
Garuda's ghost is severely damaged.
Garuda's ghost closely misses you. Garuda's ghost misses you.
You closely miss garuda's ghost.
Garuda's ghost is severely damaged.
Garuda's ghost hits you!
* * * LOW HITPOINT WARNING * * *
You hit garuda's ghost but do no damage.
Your tail-slap misses garuda's ghost.
Garuda's ghost is severely damaged.
Garuda's ghost hits you.
* * * LOW HITPOINT WARNING * * *
Garuda's ghost hits you.
You die...

#.## #.# #.# #.# #######.
#.# #.....#. ####.#
#.._..#. #..)># #.....#.#
#.#### #.†@).#.# #.####
####W###.# #.##.##
...##.#...##.######.#...#
...'W(...................
..>##.........####..#...#
####.#.#.#.# #..##.##
###...#.# #.....# #..##.#
##.#### ##...## ####


You could see garuda's ghost.

Vanquished Creatures
  A gnoll (D:3)
  2 adders (D:3)
  A giant mite (D:3)
  4 worms
  2 giant geckos
  An ooze (D:3)
  3 orcs (D:3)
  3 giant cockroaches
  5 hobgoblins
  A jackal (D:3)
  7 kobolds
  A quokka (D:2)
  10 bats
  2 giant newts
  5 goblins
  4 rats
52 creatures vanquished.

Notes
Turn   | Place    | Note
--------------------------------------------------------------
     0 | D:1      | poirepourri, the Draconian Berserker, began the quest for the Orb.
     0 | D:1      | Reached XP level 1. HP: 19/19 MP: 1/1
   404 | D:1      | Reached XP level 2. HP: 27/27 MP: 2/2
   787 | D:2      | Found a shattered altar of Ashenzari.
   867 | D:2      | Reached XP level 3. HP: 31/33 MP: 3/3
   985 | D:2      | Reached skill level 4 in Fighting
   990 | D:2      | Gained mutation: You are agile. (Dex +2) [potion of mutation]
   990 | D:2      | Gained mutation: You are very agile. (Dex +4) [potion of mutation]
   990 | D:2      | Gained mutation: Scrolls take you a little longer to read. [potion of mutation]
  1387 | D:2      | Acquired Trog's second power
  1636 | D:3      | Found an iron altar of Okawaru.
  1758 | D:3      | Reached XP level 4. HP: 38/40 MP: 4/4
  2203 | D:3      | Noticed garuda's ghost (average DrTm)
  2204 | D:3      | Found a snail-covered altar of Cheibriados.
  2238 | D:3      | Slain by garuda's ghost

Action                   |  1- 3 |  4- 6 || total
-------------------------+-------+-------++-------
Melee: Hand axe          |   117 |    78 ||   195
Invok: Berserk           |     1 |     2 ||     3
       Burn Spellbooks   |     1 |     1 ||     2
       Trog's Hand       |     1 |     1 ||     2
  Use: Potion            |     9 |       ||     9
       Scroll            |     5 |       ||     5
  Eat: Bread ration      |     1 |     1 ||     2
